Map: Miner Evacuation

Players

NamroodTuo

  • Race: Terran Terran
  • Spawn Location: 7:00

Morroo

  • Race: Zerg Zerg
  • Spawn Location: 7:00

VOD

Have the link to the VOD?

Description

Time

  • Played on: Feb. 1, 2023, 12:27 p.m.
  • Length: 28:04
Show
View Real Time Build Order
Export as new Build Order

NamroodTuo Terran 

Build Orders:  

Get SALT Encoding   

  12  0:03  SCV  
  13  0:16  SCV  
  14  0:30  SCV  
  14  0:34  Supply Depot  
  15  0:51  SCV  
  16  1:05  SCV  
  17  1:19  SCV  
  18  1:28  Factory  
  18  1:32  SCV  
  19  1:40  Supply Depot  
  19  1:46  SCV  
  20  1:59  SCV  
  20  2:06  Perdition Turret  
  21  2:13  SCV  
  21  2:18  Perdition Turret  
  22  2:26  SCV  
  23  2:40  SCV  
  23  2:44  Devastation Turret  
  24  2:54  SCV  
  24  2:56  Refinery  
  24  2:59  Refinery  
  25  3:07  SCV  
  26  3:17  Armory  
  26  3:21  SCV  
  27  3:34  SCV  
  28  3:47  Factory Tech Reactor  
  28  3:48  SCV  
  29  4:01  SCV, Factory  
  30  4:12  Engineering Bay  
  30  4:15  SCV  
  31  4:29  Supply Depot  
  31  4:44  Factory Tech Reactor  
  31  4:50  Supply Depot  
  31  4:51  Ares-Class Targeting System  
  31  5:44  Upgrade Laser Drill Level 1  
  31  5:57  Supply Depot  
  31  6:00  Supply Depot  
  31  6:04  Supply Depot  
  31  6:14  Devastation Turret  
  31  6:29  Supply Depot  
  31  6:32  Supply Depot  
  31  6:36  Supply Depot  
  31  6:48  Supply Depot  
  31  6:57  Thor  
  37  7:02  Multi-Lock Weapons System  
  37  7:51  Spinning Dizzy  
  37  7:57  Spinning Dizzy  
  37  8:10  Advanced Optics  
  37  8:32  330mm Barrage Cannon  
  62  10:10  Regenerative Bio-Steel  
  37  10:26  Devastation Turret  
  37  11:01  Devastation Turret  
  37  11:15  Devastation Turret  
  37  11:29  Thor x2  
  49  11:37  Structure Armor  
  49  11:39  Terran Vehicle and Ship Weapons Level 1  
  49  11:47  Devastation Turret  
  49  12:00  Perdition Turret  
  49  12:12  Devastation Turret  
  49  12:19  Devastation Turret  
  49  12:31  Command Center  
  49  12:36  SCV  
  49  12:37  Hi-Sec Auto Tracking  
  49  12:39  Perdition Turret  
  50  12:48  Thor  
  56  12:50  SCV  
  56  12:52  Thor  
  63  13:03  SCV  
  64  13:22  Devastation Turret  
  64  13:24  SCV  
  64  13:25  Devastation Turret  
  65  13:38  SCV  
  66  13:43  Upgrade Laser Drill Level 2  
  66  14:19  Terran Vehicle And Ship Armor Level 1  
  66  15:02  Thor x2  
  66  15:05  SCV  
  79  15:12  Refinery  
  79  15:19  SCV  
  80  15:20  Refinery  
  80  15:32  SCV  
  81  15:46  SCV  
  97  16:00  SCV  
  83  16:29  SCV  
  84  16:43  SCV  
  85  16:56  SCV  
  86  17:03  Starport  
  86  17:07  Terran Vehicle And Ship Armor Level 2  
  86  17:09  Starport  
  86  17:10  SCV  
  87  17:23  SCV  
  88  17:31  Spinning Dizzy  
  88  17:33  Spinning Dizzy  
  88  17:37  SCV  
  89  17:47  Supply Depot  
  89  17:50  SCV  
  89  17:51  Perdition Turret  
  89  17:56  Starport  
  90  18:04  SCV  
  91  18:17  Starport Tech Reactor  
  91  18:18  Supply Depot  
  91  18:19  Starport Tech Reactor  
  91  18:34  Starport Tech Reactor  
  85  18:50  Supply Depot  
  85  18:59  Supply Depot  
  85  19:02  Supply Depot  
  85  19:10  Science Vessel x3  
  85  19:11  Science Vessel, Wraith  
  85  19:12  Wraith  
  97  19:31  Supply Depot  
  97  19:34  Supply Depot  
  97  19:51  Wraith  
  97  19:52  Wraith  
  97  19:58  Science Vessel, Wraith  
  105  20:05  Supply Depot  
  105  20:08  Supply Depot  
  105  20:17  Terran Vehicle and Ship Weapons Level 2  
  105  20:36  Supply Depot  
  105  20:41  Supply Depot  
  105  21:09  Supply Depot  
  105  21:27  Science Vessel  
  105  21:28  Science Vessel, Wraith  
  105  21:29  Wraith  
  113  21:30  Science Vessel, Wraith  
  117  22:08  Science Vessel  
  117  22:09  Wraith  
  121  22:10  Wraith  
  121  22:15  Wraith  
  121  22:16  Wraith  
  121  22:18  Wraith  
  129  22:49  Wraith  
  131  23:26  Terran Vehicle And Ship Armor Level 3  
  131  24:07  Wraith x3  
  131  24:08  Wraith x3  
  143  24:47  Wraith x3  
  143  24:48  Wraith x3  
  155  25:27  Wraith x3  
  155  25:28  Wraith x3  
  167  26:07  Wraith x3  
  167  26:08  Wraith x3  
Show
View Real Time Build Order
Export as new Build Order

Morroo Zerg 

Build Orders:  

Get SALT Encoding   

  6  0:10  Drone x2  
  6  0:18  Extractor  
  6  0:23  Extractor  
  6  0:27  Drone x2  
  7  0:40  Drone x2  
  7  0:49  Drone x2  
  9  0:59  Drone x2  
  8  1:10  Drone x2  
  10  1:17  Drone x2  
  12  1:26  Drone x2  
  13  1:53  Spawning Pool  
  13  1:58  Evolution Chamber  
  12  2:05  Evolution Chamber  
  11  2:20  Drone x4  
  11  2:28  Overlord  
  13  2:34  Centrifugal Hooks  
  13  2:41  Metabolic Boost  
  13  2:52  Baneling Nest  
  13  3:03  Queen  
  13  3:08  Drone x2  
  15  3:28  Heroic Fortitude  
  15  3:51  Spore Crawler  
  15  3:55  Zergling x2  
  15  3:56  Zergling x6  
  18  4:03  Zergling x2  
  18  4:04  Zergling x2  
  20  4:27  Lair  
  20  4:40  Zerg Ground Armor Level 1  
  20  5:00  Zergling x2  
  20  5:07  Overlord x4  
  17  5:56  Drone x2  
  16  6:01  Hardened Carapace  
  16  6:05  Hive  
  16  6:09  Aberration x2  
  21  6:15  Unknown  
  21  6:21  Zergling x2  
  21  6:22  Zergling x4  
  23  6:43  Zergling x2  
  23  6:44  Zergling x10  
  20  7:19  Scourge Nest  
  19  7:24  Scourge Nest  
  19  7:31  Drone x2  
  20  7:44  Zergling x6  
  20  7:45  Zergling x8  
  27  8:09  Hatchery  
  24  8:59  Aberration x4  
  35  9:30  Simplified Genome  
  35  9:32  Virulent Spores  
  35  9:35  Adrenal Overload  
  35  9:46  Lair  
  35  10:49  Hive  
  35  10:59  Zergling x4  
  37  11:00  Zergling x10  
  37  11:01  Zergling x10  
  37  11:02  Zergling x4  
  49  11:12  Shredding Claws  
  49  11:24  Drone x2  
  33  11:52  Unknown  
  33  11:54  Queen  
  34  12:04  Zerg Ground Armor Level 2  
  34  12:07  Ventral Sacs  
  34  12:16  Overlord  
  34  12:23  Overlord  
  34  12:42  Extractor  
  34  12:58  Extractor  
  34  13:00  Extractor  
  34  13:01  Hatchery  
  33  13:11  Scourge x2  
  33  13:12  Scourge x8  
  33  13:13  Zergling x4  
  33  13:17  Roach x7  
  33  13:18  Roach x3  
  39  14:14  Unknown  
  39  14:15  Unknown x3  
  39  14:29  Drone x2  
  88  14:30  Drone x4  
  40  14:33  Queen  
  89  14:40  Drone x4  
  43  14:46  Drone x2  
  42  15:11  Unknown  
  36  15:23  Zergling x2  
  36  15:24  Zergling x10  
  36  15:26  Zergling x6  
  36  15:27  Zergling x6  
  36  15:29  Zergling x2  
  47  15:30  Zergling x2  
  42  15:57  Baneling  
  34  16:19  Aberration x5  
  48  16:24  Zergling x2  
  48  16:25  Zergling x4  
  48  16:29  Drone x2  
  52  16:41  Drone x6  
  55  16:55  Drone x4  
  57  17:02  Lair  
  57  17:19  Zerg Flyer Weapons Level 1  
  57  17:21  Zerg Flyer Armor Level 1  
  57  17:35  Zerg Ground Armor Level 3  
  57  17:51  Zergling x2  
  57  17:52  Zergling x10  
  57  17:54  Zergling x4  
  57  17:55  Zergling x4  
  57  17:57  Zergling x2  
  57  17:59  Zergling x2  
  69  18:01  Zergling x2  
  69  18:07  Overlord  
  69  18:31  Zergling x10  
  69  18:32  Zergling x2  
  69  18:35  Zergling x4  
  69  18:36  Zergling x4  
  75  18:43  Overlord  
  75  18:44  Overlord  
  75  18:47  Hive  
  75  18:49  Zergling x2  
  65  18:50  Zergling x4  
  51  20:09  Overlord x2  
  40  20:25  Roach  
  40  20:26  Roach x6  
  40  20:27  Roach x3  
  31  21:06  Unknown  
  28  21:25  Zergling x10  
  28  21:26  Zergling x10  
  38  21:30  Aberration x4  
  38  21:31  Aberration x5  
  38  21:32  Aberration  
  38  21:37  Scourge x10  
  38  21:38  Scourge x8  
  77  21:41  Zergling x10  
  77  21:49  Zerg Flyer Weapons Level 2  
  82  21:52  Zerg Flyer Armor Level 2  
  82  22:33  Overseer x2  
  79  22:44  Zergling x2  
  79  22:45  Zergling x10  
  85  22:51  Aberration x5  
  60  24:00  Zergling x8  
  60  24:01  Zergling x8  
  60  24:04  Scourge x8  
  60  24:05  Scourge x8  
  60  24:06  Scourge x2  
  60  24:08  Aberration x2  
  60  24:09  Aberration x5  
  98  24:11  Zergling x4  
  79  25:36  Zergling x4  
  79  25:37  Zergling x10  
  79  25:38  Zergling x6  
  79  25:39  Zergling x6  
  92  25:40  Zergling x2  
  99  26:01  Unknown x3  
  99  26:18  Roach x3  
  99  26:19  Roach x6  
  159  26:20  Roach  
  52  27:16  Zergling x4  
  52  27:17  Zergling x10  
  52  27:18  Zergling x10  
  52  27:19  Zergling x4  
  60  27:21  Aberration x4  
  60  27:22  Aberration x5  
  60  27:23  Aberration x2  
  60  27:26  Scourge x6  
  60  27:27  Scourge x6  
Tags
 
Commander
SwannZagara
Matchup
Co-op
Replay Pack
Multiplayer
Add a new tag
Caveats
  • Supply blocks, unpowered buildings, or Contaminate may cause inaccurate times.
  • Supply counts are checked every 10 seconds.